Map: Lerilak Crest

Players

capac - Winner!

  • Race: Terran Terran
  • League: Gold

A.I. 1 (Elite)

  • Race: Terran Terran

VOD

Have the link to the VOD?

Description

Time

  • Played on: Feb. 26, 2016, 2:56 p.m.
  • Length: 30:15
Show
View Real Time Build Order
Export as new Build Order

capac Terran - Winner!

Build Orders: MMM Bio 

Get SALT Encoding   

  12  0:01  SCV  
  13  0:13  SCV  
  14  0:18  Supply Depot  
  14  0:25  SCV  
  15  0:39  SCV  
  15  0:41  Barracks  
  16  0:45  Refinery  
  16  0:51  SCV  
  17  1:04  SCV  
  18  1:16  SCV  
  19  1:28  SCV  
  20  1:34  Command Center  
  20  1:35  Barracks Reactor  
  20  1:40  SCV  
  21  1:51  Supply Depot  
  21  1:57  Orbital Command  
  21  2:11  Barracks  
  21  2:20  Marine x2  
  23  2:24  SCV  
  23  2:34  Factory  
  23  2:36  SCV  
  24  2:39  Marine x2  
  26  2:50  SCV  
  27  2:53  Refinery  
  27  2:57  Orbital Command  
  27  3:01  Barracks Tech Lab  
  27  3:08  SCV  
  28  3:18  Starport  
  28  3:19  Factory Reactor  
  28  3:20  SCV  
  29  3:28  SCV  
  29  3:30  Marine x2  
  29  3:31  Marine  
  33  3:39  Supply Depot  
  33  3:41  Stimpack  
  33  3:43  SCV x2  
  35  3:53  Marine x3  
  38  4:04  Supply Depot, SCV x2  
  40  4:11  Marine x3  
  40  4:17  Refinery  
  43  4:19  Medivac  
  43  4:20  Medivac  
  47  4:28  Marine  
  47  4:29  Factory Tech Lab, Marine  
  49  4:36  Engineering Bay  
  49  4:37  Engineering Bay  
  49  4:41  Marine  
  50  4:51  Barracks  
  50  4:55  Marine x2  
  52  5:08  SCV x2  
  52  5:13  Marine  
  55  5:15  Medivac x2  
  55  5:19  Siege Tank  
  62  5:27  Supply Depot  
  62  5:29  Supply Depot  
  62  5:37  SCV  
  62  5:40  Marine x2, Barracks Reactor  
  62  5:41  Barracks  
  65  5:46  SCV  
  65  5:47  Refinery  
  58  6:16  Marine x2  
  58  6:17  Marine  
  50  6:18  Marine x2  
  50  6:20  Medivac x2  
  50  6:22  SCV x2  
  58  6:28  Command Center  
  58  6:30  Barracks Reactor  
  58  6:34  Marine  
  58  6:38  Supply Depot  
  59  6:41  Supply Depot  
  59  6:42  Marine x2  
  59  6:45  Marine  
  59  6:46  Marine  
  63  6:52  Marine  
  63  6:53  Siege Tank  
  67  7:02  Marine x2  
  67  7:07  Marine x2  
  67  7:08  Marine x2  
  72  7:10  Combat Shields  
  72  7:14  SCV  
  74  7:18  SCV  
  75  7:24  Marine x3  
  75  7:26  Marine  
  75  7:27  Marine  
  75  7:28  Marine  
  81  7:47  Marine x4  
  81  7:48  Marine x3  
  88  8:15  Supply Depot  
  88  8:43  Marine  
  88  8:44  Marine x6  
  88  8:46  Siege Tank  
  98  9:01  Marine  
  80  9:30  Marine x2  
  80  9:31  Marine x3  
  82  9:33  Siege Tank  
  85  9:45  Medivac x2  
  77  9:48  Marine x2  
  77  9:49  Marine  
  68  10:03  Marine x2  
  68  10:06  Marine  
  64  11:20  Command Center  
  64  11:21  Marine  
  64  11:22  Marine  
  64  11:23  Marine x2  
  64  11:24  Marine  
  58  11:37  Barracks  
  58  11:39  Marine  
  59  11:40  Marine x2  
  59  11:41  Marine  
  59  11:42  Liberator x2  
  62  11:49  Supply Depot  
  62  11:50  Supply Depot, Orbital Command  
  62  11:51  Supply Depot  
  62  11:54  Refinery  
  62  11:56  Refinery  
  62  11:59  Marine x2  
  62  12:00  Marine, Siege Tank  
  62  12:01  Marine x2  
  76  12:14  Supply Depot  
  76  12:15  Supply Depot  
  76  12:17  Supply Depot  
  76  12:19  Marine  
  76  12:20  Marine x4  
  81  12:37  Marine x2  
  81  12:38  Marine  
  84  12:44  Command Center  
  84  12:54  Marine x4  
  84  12:55  Marine  
  89  12:59  Marine x2  
  89  13:00  Medivac x2  
  95  13:08  Starport  
  95  13:12  Marine  
  96  13:16  SCV  
  96  13:17  SCV  
  98  13:28  SCV  
  99  13:38  Orbital Command  
  99  13:47  Siege Tank  
  102  13:57  Starport Reactor  
  102  14:00  Liberator x2  
  102  14:16  SCV x2  
  104  14:20  Refinery, Marine x3, Siege Tank  
  104  14:21  Marine  
  117  14:24  Refinery  
  117  14:25  SCV  
  117  14:28  SCV x2  
  117  14:30  Orbital Command  
  120  14:58  Liberator x2  
  120  14:59  Liberator x2  
  120  15:03  SCV x3  
  117  15:19  SCV x3  
  117  15:20  Marine x6  
  117  15:21  Marine  
  139  15:31  Refinery x2  
  139  15:37  Marine, SCV x3  
  139  15:41  SCV  
  144  15:43  Marine  
  144  15:44  Marine x4  
  144  15:45  Marine  
  144  15:48  Siege Tank  
  144  15:49  Terran Infantry Weapons Level 1, SCV  
  154  15:51  Terran Infantry Armor Level 1  
  154  16:04  Liberator x4  
  154  16:24  Marine x6  
  106  17:12  Marine x4  
  106  17:13  Marine  
  98  17:30  Marine  
  98  17:38  Marine x4  
  102  17:48  Marine  
  97  17:56  Marine x4  
  95  17:59  Liberator x4  
  95  18:05  Marine  
  96  18:13  Marine  
  96  18:14  Marine x3  
  96  18:15  Siege Tank  
  115  18:23  Marine  
  116  18:31  Marine x2  
  118  18:38  Marine x2  
  120  18:41  Marine  
  121  18:49  Marine  
  119  18:59  Marine x3  
  99  19:14  Liberator  
  99  19:15  Marine x2  
  91  19:17  Marine  
  92  19:27  Siege Tank  
  92  19:30  Medivac x3  
  104  19:59  Siege Tank  
  107  20:06  Marine x4  
  107  20:07  Marine  
  106  20:20  Medivac x2  
  110  20:24  Marine x2  
  112  20:31  Siege Tank  
  109  21:03  Siege Tank  
  105  21:06  Marine x2  
  105  21:09  Liberator  
  99  21:14  Marine x2  
  99  21:15  Marine  
  100  21:23  Marine  
  100  21:24  Marine  
  105  21:35  Siege Tank  
  107  21:46  Marine x4  
  107  21:47  Marine  
  111  21:49  Command Center  
  112  22:04  Marine x5  
  112  22:07  Siege Tank  
  120  22:39  Siege Tank  
  101  23:23  Marine x4  
  101  23:24  Marine  
  106  23:34  Liberator x3  
  106  23:41  Marine x2  
  106  23:45  Orbital Command  
  108  23:49  Marine x3  
  120  23:55  Barracks x2  
  120  23:59  Barracks, Marine  
  117  24:58  Marine x5  
  122  25:15  Marine  
  121  25:52  Marine  
  121  25:53  Marine x4  
  125  26:01  Medivac x3  
  128  27:51  Marine  
  128  27:52  Marine x4  
  95  29:33  Marine x5  
  103  29:51  Marine x3  
  106  29:56  Marine x2  
  108  30:02  Refinery  
  108  30:05  Refinery  
Show
View Real Time Build Order
Export as new Build Order

A.I. 1 (Elite) Terran 

Build Orders: MMM Bio 

Get SALT Encoding   

  12  0:00  SCV  
  13  0:13  SCV  
  14  0:19  Supply Depot  
  14  0:25  SCV  
  15  0:40  SCV  
  16  0:42  Barracks  
  16  0:52  SCV  
  17  1:04  SCV  
  17  1:11  Refinery  
  18  1:14  Supply Depot  
  18  1:16  SCV  
  19  1:29  Marine, SCV  
  21  1:42  Command Center  
  21  2:06  Barracks  
  21  2:08  SCV  
  22  2:10  Marine  
  23  2:16  Factory  
  23  2:20  SCV  
  24  2:25  Supply Depot  
  24  2:31  Marine  
  24  2:32  SCV  
  27  2:44  SCV  
  27  2:49  Marine  
  28  2:56  SCV, Orbital Command  
  29  3:01  Factory Tech Lab  
  29  3:06  Refinery  
  29  3:13  Orbital Command  
  29  3:15  Marine  
  29  3:18  Marine  
  31  3:23  SCV  
  32  3:33  Marine  
  33  3:35  SCV  
  33  3:36  Marine  
  33  3:38  SCV  
  36  3:46  Barracks  
  36  3:48  SCV  
  37  3:50  Marine, SCV  
  37  3:55  Barracks Tech Lab  
  39  4:00  Supply Depot, SCV  
  41  4:02  SCV  
  41  4:09  Barracks Tech Lab  
  41  4:12  SCV  
  41  4:13  Marine  
  41  4:14  SCV, Stimpack  
  41  4:15  Siege Tank  
  47  4:24  SCV  
  47  4:27  Marine, SCV, Combat Shields  
  47  4:31  Marine  
  50  4:32  Marine  
  50  4:33  Supply Depot  
  50  4:36  SCV  
  53  4:39  SCV  
  53  4:40  Supply Depot  
  53  4:45  Marine  
  55  4:48  SCV  
  55  4:49  Marauder  
  55  4:51  SCV  
  59  4:58  Refinery  
  59  5:00  SCV  
  59  5:03  Marauder, SCV  
  63  5:10  Engineering Bay, Barracks Reactor  
  63  5:11  Marauder  
  63  5:12  SCV  
  66  5:15  SCV  
  66  5:16  Engineering Bay  
  67  5:22  Command Center  
  67  5:24  SCV  
  67  5:25  Marauder  
  70  5:33  Supply Depot, SCV  
  71  5:36  SCV  
  71  5:37  Marauder  
  71  5:38  Terran Infantry Weapons Level 1  
  71  5:42  Terran Infantry Armor Level 1  
  74  5:45  SCV  
  74  5:46  Marauder  
  74  5:48  Starport  
  77  5:55  Marine, SCV  
  79  5:58  Marine  
  79  5:59  Supply Depot, Marauder  
  79  6:03  SCV  
  81  6:07  Marauder, SCV  
  81  6:10  Concussive Shells  
  76  6:15  SCV  
  76  6:16  Marine  
  78  6:19  Marine, SCV  
  78  6:20  Marauder  
  82  6:27  SCV  
  82  6:28  Missile Turret  
  82  6:29  Marauder  
  82  6:31  SCV  
  86  6:33  Supply Depot  
  86  6:39  SCV  
  87  6:41  Marauder, Missile Turret, SCV  
  87  6:43  SCV  
  87  6:45  Medivac  
  93  6:51  SCV  
  93  6:54  Marauder  
  96  6:56  SCV x2  
  98  7:03  SCV  
  98  7:05  Missile Turret  
  98  7:07  Missile Turret  
  98  7:08  Orbital Command, SCV  
  100  7:13  Barracks, Marine  
  100  7:14  Marine  
  100  7:15  Marine, SCV, Medivac  
  106  7:20  SCV  
  106  7:21  Supply Depot  
  107  7:27  SCV  
  108  7:31  Marine  
  108  7:32  Marauder, SCV  
  108  7:34  SCV  
  113  7:39  Armory, Command Center  
  113  7:45  Starport Reactor  
  113  7:52  SCV  
  113  7:53  Supply Depot  
  113  7:54  SCV  
  113  7:55  SCV  
  113  7:58  Marauder  
  118  8:00  Marauder  
  118  8:04  SCV  
  121  8:06  Missile Turret  
  121  8:10  Refinery  
  121  8:11  Refinery  
  121  8:15  SCV x2  
  121  8:17  Supply Depot  
  121  8:19  Marauder  
  125  8:26  Missile Turret  
  129  8:28  Terran Infantry Weapons Level 2  
  129  8:30  Refinery  
  129  8:32  SCV x2  
  131  8:38  SCV  
  135  8:42  Supply Depot  
  135  8:44  SCV x2  
  128  8:50  Starport, SCV  
  128  8:54  SCV  
  122  8:56  Refinery, SCV x2  
  122  9:01  Marine  
  121  9:02  SCV  
  121  9:06  Marine x2  
  121  9:07  Marine  
  121  9:08  SCV  
  112  9:11  SCV  
  112  9:12  SCV  
  112  9:14  SCV  
  97  9:19  Marine  
  97  9:20  SCV  
  97  9:23  Marine, SCV  
  98  9:24  Marine  
  98  9:25  SCV  
  98  9:27  SCV  
  98  9:28  Starport Tech Lab  
  96  9:32  SCV  
  96  9:35  SCV  
  89  9:39  SCV  
  89  9:43  Marine  
  74  9:46  Factory, Marine x2  
  74  9:49  Marine  
  61  10:02  Marine  
  61  10:04  Marine x2, SCV  
  60  10:11  Marine  
  60  10:12  SCV x2  
  57  10:14  SCV  
  57  10:17  SCV  
  57  10:20  Marine  
  60  10:22  Marine  
  60  10:23  Marine  
  60  10:24  SCV  
  60  10:26  SCV  
  61  10:29  Marine, SCV x2  
  61  10:36  SCV  
  61  10:38  Marine  
  61  10:40  Marine  
  61  10:41  Marine  
  59  10:46  SCV x3  
  59  10:47  Barracks Tech Lab  
  53  10:57  Marine  
  53  10:58  SCV  
  53  11:00  SCV x2  
  53  11:03  Marine  
  49  11:05  Marine  
  49  11:06  SCV  
  49  11:12  SCV x2  
  49  11:13  SCV  
  50  11:18  SCV  
  50  11:21  Marine  
  50  11:23  Marine  
  50  11:25  SCV x3  
  49  11:30  SCV  
  49  11:31  Factory  
  50  11:37  SCV  
  50  11:38  SCV x2  
  50  11:39  Marine  
  54  11:41  Marauder  
  54  11:42  SCV  
  54  11:45  Barracks  
  57  11:49  SCV  
  58  11:57  SCV, Barracks Reactor  
  58  11:59  SCV x2  
  58  12:01  SCV  
  62  12:02  Marine  
  63  12:09  SCV  
  63  12:13  SCV x2  
  63  12:14  SCV  
  69  12:15  Infernal Pre-Igniter  
  69  12:16  Hellion  
  69  12:20  Marine  
  69  12:21  SCV  
  71  12:23  Factory  
  71  12:25  SCV  
  71  12:27  SCV x2  
  71  12:31  Marine  
  71  12:33  Marine x2  
  71  12:34  SCV  
  73  12:37  Hellion, SCV  
  73  12:38  Marine  
  73  12:39  SCV  
  73  12:41  SCV  
  77  12:46  SCV  
  77  12:49  SCV  
  77  12:51  Barracks Tech Lab, Marine, SCV  
  79  12:53  Marine, SCV  
  79  12:56  Marine  
  79  12:58  Hellion, SCV  
  87  13:00  Supply Depot  
  87  13:01  SCV  
  87  13:03  SCV  
  87  13:05  SCV  
  90  13:07  Hellion  
  90  13:09  Marine  
  90  13:10  Factory, SCV  
  90  13:11  Marine x2  
  90  13:12  Command Center  
  96  13:13  SCV  
  96  13:14  Marine  
  100  13:20  Hellion  
  100  13:24  Supply Depot  
  100  13:27  Marine  
  100  13:29  Factory Tech Lab, Marine x2  
  103  13:36  Terran Infantry Weapons Level 3  
  103  13:39  Planetary Fortress  
  105  13:41  Hellion, Missile Turret  
  105  13:43  Missile Turret  
  105  13:44  Terran Vehicle Weapons Level 1  
  105  13:45  Armory  
  105  13:47  Siege Tank  
  108  13:48  Supply Depot  
  108  13:54  Factory Tech Lab  
  108  13:58  Raven  
  108  14:02  Siege Tank  
  113  14:05  Missile Turret  
  113  14:10  Terran Infantry Armor Level 2  
  113  14:12  Siege Tank  
  113  14:13  Supply Depot  
  116  14:17  Barracks  
  116  14:18  Widow Mine  
  118  14:32  Terran Vehicle And Ship Armor Level 1  
  118  14:34  Thor  
  124  14:39  Planetary Fortress  
  124  14:41  Raven  
  124  14:42  SCV, Missile Turret  
  124  14:43  Marine  
  124  14:44  Thor  
  124  14:45  Marine  
  134  14:46  Supply Depot, Marine  
  134  14:47  Missile Turret  
  134  14:48  Marine, Siege Tank  
  138  14:55  SCV  
  138  14:58  Missile Turret  
  138  15:05  SCV  
  138  15:06  Refinery  
  138  15:07  Liberator, SCV  
  138  15:08  Refinery  
  138  15:09  Refinery  
  138  15:10  Supply Depot, SCV  
  138  15:17  Siege Tank  
  138  15:19  SCV  
  138  15:20  Siege Tank  
  143  15:22  SCV x2  
  143  15:23  Missile Turret  
  143  15:27  Siege Tank  
  149  15:30  Missile Turret  
  149  15:31  SCV  
  149  15:33  Missile Turret  
  149  15:35  Supply Depot  
  149  15:37  SCV  
  149  15:39  SCV x3  
  149  15:44  SCV  
  149  15:49  Widow Mine, SCV  
  149  15:51  SCV x2  
  149  15:52  Siege Tank, SCV  
  149  15:56  SCV  
  154  15:58  Missile Turret  
  154  15:59  Starport, Thor  
  154  16:01  Supply Depot  
  154  16:02  SCV, Command Center  
  158  16:05  SCV x2  
  158  16:06  SCV  
  158  16:07  Medivac  
  158  16:08  SCV  
  162  16:14  SCV  
  162  16:17  SCV  
  162  16:18  Terran Vehicle Weapons Level 2, Liberator  
  163  16:20  Liberator  
  163  16:23  SCV  
  163  16:25  Supply Depot  
  162  16:26  SCV  
  162  16:31  Terran Infantry Armor Level 3  
  162  16:34  SCV  
  169  16:42  SCV  
  169  16:46  SCV  
  169  16:47  SCV  
  169  16:48  Supply Depot  
  169  16:51  Thor  
  169  16:53  Siege Tank  
  172  16:58  Hi-Sec Auto Tracking  
  172  17:00  Liberator  
  172  17:01  SCV  
  169  17:02  Liberator  
  169  17:03  SCV  
  169  17:04  Hellion  
  169  17:05  Marine  
  169  17:06  Marine x2  
  169  17:07  Marine x2  
  144  17:22  SCV  
  144  17:23  Marine  
  144  17:25  Marine, Hellion  
  144  17:26  Marine, Hellion  
  148  17:34  Hellion  
  138  17:42  Fusion Core  
  138  17:43  Liberator  
  132  17:45  Liberator  
  132  17:46  Marine  
  132  17:47  Siege Tank  
  132  17:49  Marine x2  
  132  17:50  Marine  
  134  17:52  Marine  
  134  17:54  Siege Tank  
  134  17:58  Siege Tank  
  132  18:19  Siege Tank  
  135  18:20  Terran Vehicle And Ship Armor Level 2  
  135  18:24  Planetary Fortress  
  135  18:26  Siege Tank, Liberator  
  138  18:29  Missile Turret  
  138  18:30  Hellion  
  138  18:31  Missile Turret  
  140  18:37  Terran Vehicle Weapons Level 3  
  137  18:44  Marine  
  137  18:45  Battlecruiser  
  143  18:55  Marine x3  
  137  18:58  SCV  
  137  19:02  Marauder, Marine  
  135  19:07  SCV  
  133  19:13  Marine  
  133  19:14  Marauder  
  133  19:15  Marine  
  130  19:18  SCV  
  130  19:20  Marine  
  130  19:21  SCV  
  130  19:23  SCV x2  
  130  19:24  Marauder  
  132  19:25  SCV  
  132  19:26  Starport Reactor  
  132  19:30  Marine  
  133  19:32  Liberator  
  133  19:33  Marine  
  133  19:34  Building Armor, Ghost Academy  
  133  19:35  Marauder  
  136  19:38  Barracks Tech Lab  
  136  19:44  SCV  
  136  19:45  Marauder, Liberator  
  138  19:47  Command Center  
  138  19:48  Marine  
  142  19:56  Marauder  
  142  19:58  Marauder  
  132  20:02  Marine  
  132  20:03  Medivac  
  132  20:06  Marauder, Marine, SCV  
  131  20:08  Siege Tank x2  
  131  20:11  Siege Tank  
  131  20:13  SCV  
  135  20:14  SCV  
  135  20:16  Liberator  
  135  20:18  Marauder, SCV  
  135  20:19  Marine  
  135  20:20  Marine, SCV  
  134  20:25  SCV x2  
  134  20:27  Marine  
  134  20:28  Marauder, Liberator  
  134  20:32  Viking  
  130  20:37  SCV  
  130  20:38  Marauder, Ghost  
  130  20:40  Siege Tank  
  130  20:41  SCV  
  130  20:43  SCV  
  130  20:44  Marine  
  130  20:47  Marine  
  130  20:49  Marauder  
  126  20:52  SCV  
  107  20:58  Marine  
  107  21:00  SCV  
  107  21:02  Marine  
  102  21:04  Marine  
  102  21:05  SCV  
  102  21:06  SCV  
  102  21:08  Marauder  
  102  21:10  Marine  
  102  21:16  Marine  
  99  21:20  Marine  
  99  21:22  Marine  
  88  21:29  Marauder, Marine  
  77  21:34  Marine  
  77  21:37  Marine  
  69  21:40  Marine  
  63  21:47  Marauder  
  63  21:49  Marine  
  63  21:52  Marine  
  50  21:55  Marine  
  50  22:08  Marauder, SCV  
  50  22:11  SCV  
  50  22:14  Marauder  
  50  22:15  SCV  
  54  22:17  SCV  
  54  22:20  Marine  
  54  22:21  Marine  
  55  22:23  SCV  
  55  22:24  Marine  
  55  22:29  Marine  
  48  22:35  Marine, SCV  
  50  22:37  Marine, SCV x2  
  50  22:39  Marine  
  50  22:43  Marauder  
  52  22:47  Marine  
  52  22:48  SCV  
  47  22:53  Marine  
  47  22:55  SCV  
  47  22:56  SCV  
  47  22:58  SCV  
  48  22:59  Marine  
  48  23:00  SCV  
  48  23:03  SCV  
  48  23:04  Marauder  
  48  23:05  SCV, Command Center  
  52  23:06  Marine  
  52  23:08  Marine  
  52  23:11  Marine  
  48  23:17  Marine  
  49  23:20  SCV  
  49  23:21  SCV  
  49  23:23  SCV  
  49  23:24  Marauder, SCV  
  54  23:27  Marauder  
  54  23:28  Marine  
  54  23:30  Marine  
  43  23:35  Marine  
  34  23:43  SCV  
  34  23:44  SCV  
  34  23:45  Marine  
  34  23:46  Marine, SCV  
  39  23:48  Marauder, Marine  
  39  23:52  Marine  
  38  23:58  SCV  
  38  24:01  SCV  
  40  24:03  Marine, SCV  
  40  24:04  Marauder, SCV  
  40  24:09  Marine  
  43  24:10  Marine x2  
  39  24:19  SCV  
  39  24:20  SCV  
  39  24:21  Marine  
  39  24:23  SCV  
  39  24:25  Marauder, SCV  
  39  24:27  Marine  
  39  24:28  Marine  
  39  24:29  Marine  
  38  24:39  Marine, SCV  
  38  24:40  SCV  
  38  24:41  SCV  
  38  24:45  Marine, SCV x2  
  44  24:47  Marine  
  44  24:48  Marauder  
  43  24:57  Marine  
  43  24:59  SCV  
  40  25:02  SCV  
  40  25:03  Marine  
  40  25:04  SCV  
  40  25:05  Marine, SCV  
  42  25:07  SCV  
  42  25:09  Marauder  
  40  25:15  SCV  
  40  25:18  SCV  
  40  25:19  SCV  
  40  25:21  Marine, SCV  
  44  25:22  Marine  
  44  25:23  SCV  
  43  25:30  Marine, SCV  
  40  25:38  Marine  
  40  25:40  Marine  
  33  25:48  Marauder  
  34  25:55  SCV  
  35  25:57  Marauder, SCV  
  35  25:58  Marine  
  34  26:06  SCV  
  34  26:08  SCV, Command Center  
  34  26:09  Marauder, SCV  
  38  26:16  SCV  
  38  26:18  Marine  
  31  26:30  Marine  
  29  26:35  Marine  
  29  26:49  Barracks Tech Lab  
  29  26:53  Barracks Tech Lab  
  28  26:56  SCV  
  28  27:00  SCV  
  26  27:22  SCV  
  17  27:41  SCV x2  
  17  27:53  SCV x2  
  19  28:05  SCV  
  20  28:19  Command Center  
  7  29:19  SCV  
  8  29:31  SCV  
  9  29:43  SCV  
  10  29:55  Supply Depot, SCV  
Tags
 
Composition
MMM BioMMM Bio
League
Gold
Matchup
TvT
Race
Terran
Add a new tag
Caveats
  • Supply blocks, unpowered buildings, or Contaminate may cause inaccurate times.
  • Supply counts are checked every 10 seconds.